 Dungeon Crawl Stone Soup version 0.26.1-11-gd32895ea62 (webtiles) character file.

Game seed: 1443992800641239019

73 Exodus22XD the Chopper (level 4, -14/41 HPs)
             Began as a Hill Orc Monk on May 9, 2021.
             Demolished by an ogre
             ... wielding a +0 giant spiked club
              (27 damage)
             ... on level 3 of the Dungeon.
             The game lasted 00:02:28 (2293 turns).

Exodus22XD the Chopper (Hill Orc Monk)              Turns: 2293, Time: 00:02:28

Health: -14/41     AC:  3    Str: 14    XL:     4   Next: 27%
Magic:  4/4        EV: 12    Int: 10    God:
Gold:   144        SH:  0    Dex: 13    Spells: 3/3 levels left

rFire    . . .     SeeInvis .   a - +0 hand axe
rCold    . . .     Faith    .   (no shield)
rNeg     . . .     Spirit   .   i - +0 leather armour
rPois    .         Reflect  .   (no helmet)
rElec    .         Harm     .   (no cloak)
rCorr    .         Rampage  .   (no gloves)
Will     .....                  (no boots)
Stlth    +++.......             (no amulet)
HPRegen  0.13/turn              l - ring of stealth
MPRegen  0.09/turn              (no ring)

@: no status effects
A: no striking features
a: no special abilities


You were on level 3 of the Dungeon.
You visited 1 branch of the dungeon, and saw 3 of its levels.

You collected 144 gold pieces.

Inventory:

Hand Weapons
 a - a +0 hand axe (weapon)
 c - a +2 morningstar of protection
Armour
 i - a +0 leather armour (worn)
Jewellery
 l - a ring of stealth (left hand)
Scrolls
 b - a scroll of enchant armour
 d - 2 scrolls of magic mapping
 g - a scroll of remove curse
 h - a scroll of amnesia
 j - a scroll of noise
 k - a scroll of enchant weapon {unknown}
Potions
 e - 2 potions of curing
 f - a potion of ambrosia


   Skills:
 + Level 4.3 Fighting
 + Level 5.5 Axes
 * Level 1.8 Armour
 - Level 2.4 Dodging
 - Level 1.5 Stealth


You had 3 spell levels left.
You didn't know any spells.
Your spell library was empty.

Dungeon Overview and Level Annotations

Branches:
Dungeon (3/15)

Altars:
Cheibriados
Sif Muna


Message History

You barely miss the ogre.
The ogre is lightly wounded.
You hear the brisk rusting of a very distant drain.
You hit the ogre.
The ogre is moderately wounded.
The ogre closely misses you.
You barely miss the ogre.
The ogre is moderately wounded.
The ogre hits you with a +0 giant spiked club!!
Okay, then.
Okay, then.
Press: ? - help, v - describe, . - travel
Here: an ogre, wielding a +0 giant spiked club (moderately wounded)
The floor.
Unknown command.
You hit the ogre.
The ogre is moderately wounded.
The ogre hits you with a +0 giant spiked club!!
Ouch! That really hurt!
You die...

#.........# #......#
#.###.###.# #####.## #.#
#.###.# #.# #.# #..##.#
##)## #.# ##.##.# ##...#
#.####.##.# ##.....
#..)...^..# ##......
##########....###.......
.....lO@........+.......
##########....###.....).
##.#.# ##...... ###.#
##..... #.# ##...#
##.#######'##
#.....##.....
#..##.##.#.##
#..##.##.#.##


You could see an ogre and a leopard gecko.

Vanquished Creatures
  An adder (D:2)
  2 oozes
  2 dart slugs (D:1)
  4 orcs (D:3)
  A ball python (D:2)
  A giant cockroach (D:1)
  4 hobgoblins
  4 jackals
  9 bats
  A frilled lizard (D:3)
  4 goblins
  6 kobolds (D:1)
  7 rats
46 creatures vanquished.

Notes
Turn   | Place    | Note
-------+----------+-------------------------------------------
     0 | D:1      | Exodus22XD the Hill Orc Monk began the quest for the Orb.
     0 | D:1      | Reached XP level 1. HP: 19/19 MP: 1/1
   200 | D:1      | Reached XP level 2. HP: 24/27 MP: 2/2
   488 | D:1      | Reached skill level 1 in Armour
   750 | D:1      | Reached XP level 3. HP: 21/33 MP: 3/3
  1372 | D:2      | Reached skill level 5 in Axes
  1568 | D:2      | Found a faded altar of an unknown god.
  1738 | D:2      | Reached XP level 4. HP: 39/40 MP: 4/4
  1778 | D:2      | Found a shimmering blue altar of Sif Muna.
  1928 | D:3      | Found a snail-covered altar of Cheibriados.
  2027 | D:3      | HP: 2/41 [orc/+2 morningstar of protection (5)]
  2285 | D:3      | Noticed an ogre
  2293 | D:3      | Demolished by an ogre

Illustrated notes

Levels and vault maps discovered:
D:1:      nicolae_arrival_washed_ashore, layout_loops_ring,
          serial_bayou_crossing
D:2:      layout_rooms, lemuel_blue_sif_altar,
          chequers_ecumenical_altar_simple_redux, skrybe_limestone_x
D:3:      layout_loops_corners, nicolae_overflow_quartered_altars,
          portal_sewer_entry_e, minmay_ogre_servants, uniq_terence,
          uniq_crazy_yiuf_cottage

Skill      XL: |  1  2  3 |
---------------+----------+-----
Fighting       | 4 |  4.3
Armour         | 1 |  1.8
Axes           | 5 |  5.5
Dodging        | |  2.4
Stealth        | |  1.5

Action                   |  1- 3 |  4- 6 || total
-------------------------+-------+-------++-------
Melee: Hand axe          |   115 |    61 ||   176
  Use: Scroll            |     4 |     4 ||     8
       Potion            |       |     1 ||     1
 Stab: Sleeping          |     3 |     3 ||     6
Armor: Robe              |    18 |       ||    18
       Leather armour    |     7 |    14 ||    21
Dodge: Dodged            |    86 |    40 ||   126
